RBL
DETROIT TIGERS @ BOSTON RED SOX
04/15/1996
 
TOP OF THE 1ST
Detroit Tigers batting - Pitching for Boston Red Sox : RHP Bret Saberhagen
Pitching: RHP Bret Saberhagen
Batting: LHB Chris Knabenshue 0-0: Foul Ball, location: 2RF
0-1: Foul Ball, location: 2F
0-2: Ball
1-2: Ball
2-2: Ball
3-2: Fly out, F2 (Popup, 15S, EV 74.4 MPH)
Batting: RHB Brad Robinson 0-0: Called Strike
0-1: Ball
1-1: Ball
2-1: Swinging Strike
2-2: SINGLE (Groundball, 34D, EV 104.4 MPH)
Batting: LHB Scott Hatteberg 0-0: Called Strike
0-1: Ball
1-1: Ball
2-1: Fly out, F8 (Flyball, 8RM, EV 100.0 MPH)
Batting: RHB John Jaha 0-0: Ball
1-0: Called Strike
1-1: Foul Ball, location: 25FF
1-2: Strikes out swinging
Top of the 1st over - 0 runs, 1 hit, 0 errors, 1 left on base; Detroit 0 - Boston 0
BOTTOM OF THE 1ST
Boston Red Sox batting - Pitching for Detroit Tigers : RHP Jose Rijo
Pitching: RHP Jose Rijo
Batting: RHB John Johnson 0-0: Ball
1-0: Ball
2-0: Fly out, F3 (Popup, 34, EV 65.0 MPH)
Batting: RHB Ronnie Coleman 0-0: Foul Ball, location: 9LSF
0-1: SOLO HOME RUN (Flyball, 7D, EV 98.1 MPH), Distance : 377 ft
Batting: LHB Mike Oglesbee 0-0: Ball
1-0: Ball
2-0: Swinging Strike
2-1: Foul Ball, location: 7LMF
2-2: Ball
3-2: Strikes out swinging
Batting: SHB Dmitri Young 0-0: Ground out 4-3 (Groundball, 4M, EV 78.8 MPH)
Bottom of the 1st over - 1 run, 1 hit, 0 errors, 0 left on base; Detroit 0 - Boston 1
TOP OF THE 2ND
Detroit Tigers batting - Pitching for Boston Red Sox : RHP Bret Saberhagen
Batting: LHB Larry Sutton 0-0: Ball
1-0: Ball
2-0: Foul Ball, location: 7LMF
2-1: SINGLE (Line Drive, 89M, EV 103.8 MPH)
Batting: RHB Lauro Felix 0-0: Bunt missed!
0-1: Foul Ball, location: 2F
0-2: Ball
1-2: Ball
2-2: Ball
3-2: Foul Ball, location: 9LMF
3-2: SINGLE (Groundball, 56D, EV 106.9 MPH)
Larry Sutton to second
Larry Sutton to third
Batting: RHB Cesar Larios 0-0: Fly out, F7 (Line Drive, 7S, EV 93.8 MPH)
Batting: RHB Benjamin Gil 0-0: Swinging Strike
0-1: Fly out, F8 (Flyball, 8LD, EV 92.5 MPH)
Batting: RHB Curt Callicott 0-0: Ball
1-0: Ball
2-0: Called Strike
2-1: Called Strike
2-2: Ball
3-2: Ground out 4-3 (Groundball, 34D, EV 97.5 MPH)
Top of the 2nd over - 0 runs, 2 hits, 0 errors, 2 left on base; Detroit 0 - Boston 1
BOTTOM OF THE 2ND
Boston Red Sox batting - Pitching for Detroit Tigers : RHP Jose Rijo
Batting: RHB Toby Rumfield 0-0: Ball
1-0: Ball
2-0: Ground out 3-1 (Groundball, 13, EV 83.8 MPH)
Batting: LHB Orsino Hill 0-0: Ball
1-0: Ball
2-0: Called Strike
2-1: Foul Ball, location: 3F
2-2: Ball
3-2: Strikes out swinging
Batting: RHB Peter Guthrie 0-0: Fly out, F9 (Flyball, 89D, EV 101.9 MPH)
Bottom of the 2nd over - 0 runs, 0 hits, 0 errors, 0 left on base; Detroit 0 - Boston 1
TOP OF THE 3RD
Detroit Tigers batting - Pitching for Boston Red Sox : RHP Bret Saberhagen
Batting: LHB Chris Knabenshue 0-0: Ball
1-0: Ball
2-0: Ball
3-0: Called Strike
3-1: Swinging Strike
3-2: Base on Balls
Batting: RHB Brad Robinson 0-0: Ball
1-0: Fly out, F9 (Flyball, 9LSF, EV 85.6 MPH)
Batting: LHB Scott Hatteberg 0-0: 2-RUN HOME RUN (Flyball, 89XD, EV 98.8 MPH), Distance : 397 ft
Batting: RHB John Jaha 0-0: Called Strike
0-1: Ground out 1-3 (Groundball, 15S, EV 77.5 MPH)
Batting: LHB Larry Sutton 0-0: Swinging Strike
0-1: Fly out, F8 (Flyball, 8LD, EV 80.6 MPH)
Top of the 3rd over - 2 runs, 1 hit, 0 errors, 0 left on base; Detroit 2 - Boston 1
BOTTOM OF THE 3RD
Boston Red Sox batting - Pitching for Detroit Tigers : RHP Jose Rijo
Batting: RHB Miguel Martinez 0-0: Fly out, F8 (Flyball, 8LD, EV 111.3 MPH)
Batting: LHB Ozzie Guillen 0-0: Reached on error, E3 (Groundball, 34S, EV 81.3 MPH)
Batting: RHB John Johnson 0-0: Foul Ball, location: 7LSFF
0-1: Ball
1-1: Ball
2-1: Ball
3-1: Ground out 5-3 (Groundball, 56S, EV 67.5 MPH)
Ozzie Guillen to second
Batting: RHB Ronnie Coleman 0-0: Fly out, F5 (Line Drive, 56, EV 66.9 MPH)
Bottom of the 3rd over - 0 runs, 0 hits, 1 error, 1 left on base; Detroit 2 - Boston 1
TOP OF THE 4TH
Detroit Tigers batting - Pitching for Boston Red Sox : RHP Bret Saberhagen
Batting: RHB Lauro Felix 0-0: Called Strike
0-1: SINGLE (Line Drive, 7LS, EV 91.3 MPH)
Batting: RHB Cesar Larios 0-0: Ball
1-0: Called Strike
1-1: Ball
2-1: Foul Ball, location: 9LSF
2-2: SINGLE (Line Drive, 78S, EV 104.4 MPH)
Lauro Felix to second
Batting: RHB Benjamin Gil 0-0: Fly out, F2 (Popup, 2LF, EV 88.1 MPH)
Batting: RHB Curt Callicott 0-0: SINGLE (Line Drive, 8LS, EV 96.9 MPH)
Lauro Felix to third
Cesar Larios to second
Runner from 3rd tries for Home, SAFE, throw by CF to home
Batting: LHB Chris Knabenshue 0-0: Called Strike
0-1: Foul Ball, location: 7LMF
0-2: Ball
1-2: SINGLE (Line Drive, 89M, EV 98.1 MPH)
Cesar Larios to third
Curt Callicott to second
Batting: RHB Brad Robinson 0-0: Called Strike
0-1: Foul Ball, location: 3DF
0-2: Foul Ball, location: 5F
0-2: Ball
1-2: Ball
2-2: Ball
3-2: GRAND SLAM HOME RUN (Flyball, 7D, EV 96.9 MPH), Distance : 364 ft
Pitching: RHP Leo Vazquez
Batting: LHB Scott Hatteberg 0-0: Called Strike
0-1: Foul Ball, location: 2F
0-2: Ball
1-2: Ball
2-2: Ball
3-2: DOUBLE (Flyball, 89XD, EV 104.4 MPH)
Batting: RHB John Jaha 0-0: Ball
1-0: Foul Ball, location: 9LMF
1-1: Ball
2-1: Foul Ball, location: 5F
2-2: Foul Ball, location: 5FF
2-2: Foul Ball, location: 2F
2-2: Ground out U3 (Groundball, 34S, EV 86.9 MPH)
Scott Hatteberg to third
Batting: LHB Larry Sutton 0-0: Foul Ball, location: 3DF
0-1: Called Strike
0-2: Ball
1-2: Ball
2-2: DOUBLE (Groundball, 5L, EV 105.6 MPH)
Scott Hatteberg scores
Batting: RHB Lauro Felix 0-0: Ball
1-0: SINGLE (Line Drive, 6MD, EV 110.0 MPH)
Larry Sutton to third
Runner from 3rd tries for Home, SAFE, throw by CF to home
Batting: RHB Cesar Larios 0-0: Ball
1-0: Ball
2-0: Fly out, F8 (Flyball, 89D, EV 107.5 MPH)
Top of the 4th over - 7 runs, 8 hits, 0 errors, 1 left on base; Detroit 9 - Boston 1
BOTTOM OF THE 4TH
Boston Red Sox batting - Pitching for Detroit Tigers : RHP Jose Rijo
Batting: LHB Mike Oglesbee 0-0: DOUBLE (Flyball, 89XD, EV 109.4 MPH)
Batting: SHB Dmitri Young 0-0: Ground out 4-3 (Groundball, 34D, EV 96.9 MPH)
Mike Oglesbee to third
Batting: RHB Toby Rumfield 0-0: Swinging Strike
0-1: Called Strike
0-2: Foul Ball, location: 9LDF
0-2: Ground out 5-3 (Groundball, 56S, EV 80.0 MPH)
Batting: LHB Orsino Hill 0-0: Ball
1-0: Ball
2-0: Ball
3-0: Called Strike
3-1: Base on Balls
Batting: RHB Peter Guthrie 0-0: Fly out, F8 (Line Drive, 8RM, EV 110.0 MPH)
Bottom of the 4th over - 0 runs, 1 hit, 0 errors, 2 left on base; Detroit 9 - Boston 1
TOP OF THE 5TH
Detroit Tigers batting - Pitching for Boston Red Sox : RHP Leo Vazquez
Batting: RHB Benjamin Gil 0-0: Called Strike
0-1: SINGLE (Line Drive, 56, EV 108.8 MPH)
Batting: RHB Curt Callicott 0-0: Called Strike
0-1: Fly out, F9 (Flyball, 9LS, EV 94.4 MPH)
Pitching: RHP Mauro Gozzo
Batting: LHB Chris Knabenshue 0-0: Ball
1-0: Called Strike
1-1: SINGLE (Line Drive, 56, EV 104.4 MPH)
Benjamin Gil to second
Batting: RHB Brad Robinson 0-0: Called Strike
0-1: Foul Ball, location: 2F
0-2: Ball
1-2: Strikes out swinging
Batting: LHB Scott Hatteberg 0-0: Swinging Strike
0-1: Called Strike
0-2: Foul Ball, location: 2RF
0-2: Ball
1-2: Foul Ball, location: 7LSF
1-2: Foul Ball, location: 2F
1-2: Foul Ball, location: 5F
1-2: Strikes out swinging
Top of the 5th over - 0 runs, 2 hits, 0 errors, 2 left on base; Detroit 9 - Boston 1
BOTTOM OF THE 5TH
Boston Red Sox batting - Pitching for Detroit Tigers : RHP Jose Rijo
Batting: RHB Miguel Martinez 0-0: Foul Ball, location: 2F
0-1: Swinging Strike
0-2: Ground out 5-3 (Groundball, 5S, EV 81.9 MPH)
Batting: LHB Ozzie Guillen 0-0: Foul Ball, location: 23F
0-1: Foul Ball, location: 23F
0-2: Ball
1-2: Ball
2-2: Ground out U3 (Groundball, 34S, EV 90.6 MPH)
Batting: RHB John Johnson 0-0: Ball
1-0: SINGLE (Groundball, 6S, EV 68.8 MPH) (infield hit)
Batting: RHB Ronnie Coleman 0-0: Fielders Choice at 2nd, 6-4 (Groundball, 6, EV 80.0 MPH)
Bottom of the 5th over - 0 runs, 1 hit, 0 errors, 1 left on base; Detroit 9 - Boston 1
TOP OF THE 6TH
Detroit Tigers batting - Pitching for Boston Red Sox : RHP Mauro Gozzo
Batting: RHB John Jaha 0-0: Ball
1-0: Ball
2-0: Single, Error in OF, E8, batter to second base (Line Drive, 4MD, EV 101.3 MPH)
Batting: LHB Larry Sutton 0-0: Ground out 6-3 (Groundball, 6M, EV 91.3 MPH)
John Jaha to third
Batting: RHB Lauro Felix 0-0: Ball
1-0: Ball
2-0: Ball
3-0: Called Strike
3-1: Foul Ball, location: 5FF
3-2: Strikes out swinging
Batting: RHB Cesar Larios 0-0: Called Strike
0-1: Foul Ball, location: 3FF
0-2: Foul Ball, location: 3DF
0-2: Ball
1-2: Foul Ball, location: 9LSF
1-2: Fly out, F8 (Flyball, 89M, EV 94.4 MPH)
Top of the 6th over - 0 runs, 1 hit, 1 error, 1 left on base; Detroit 9 - Boston 1
BOTTOM OF THE 6TH
Boston Red Sox batting - Pitching for Detroit Tigers : RHP Jose Rijo
Batting: LHB Mike Oglesbee 0-0: Called Strike
0-1: Ball
1-1: Foul Ball, location: 7LSF
1-2: Ground out 6-3 (Groundball, 6, EV 81.3 MPH)
Batting: SHB Dmitri Young 0-0: Ball
1-0: Called Strike
1-1: Ball
2-1: Fly out, F8 (Line Drive, 8RD, EV 89.4 MPH)
Batting: RHB Toby Rumfield 0-0: Called Strike
0-1: Ball
1-1: DOUBLE (Flyball, 89XD, EV 95.6 MPH)
Batting: LHB Orsino Hill 0-0: Swinging Strike
0-1: Ball
1-1: Ball
2-1: Ball
3-1: SINGLE (Groundball, 4, EV 86.9 MPH) (infield hit)
Toby Rumfield to third
Batting: RHB Peter Guthrie 0-0: Foul Ball, location: 5FF
0-1: Swinging Strike
0-2: Ball
1-2: Foul Ball, location: 25F
1-2: Ball
2-2: Ball
3-2: Fly out, F7 (Line Drive, 7, EV 91.9 MPH)
Bottom of the 6th over - 0 runs, 2 hits, 0 errors, 2 left on base; Detroit 9 - Boston 1
TOP OF THE 7TH
Detroit Tigers batting - Pitching for Boston Red Sox : RHP Mauro Gozzo
Pitching: RHP Jay Powell
Batting: RHB Benjamin Gil 0-0: Called Strike
0-1: Ball
1-1: Ball
2-1: Foul Ball, location: 2F
2-2: Ball
3-2: Foul Ball, location: 2F
3-2: Strikes out swinging
Batting: RHB Curt Callicott 0-0: Foul Ball, location: 2F
0-1: Ball
1-1: Called Strike
1-2: Ball
2-2: Ball
3-2: SINGLE (Groundball, 6MD, EV 103.8 MPH)
Pinch Hitting: RHB Kyle Yeske 0-0: Ball
1-0: Ball
2-0: Ball
3-0: Base on Balls
Curt Callicott to second
Pitching: RHP Don Strange
Batting: RHB Brad Robinson 0-0: Called Strike
0-1: Swinging Strike
0-2: Foul Ball, location: 2F
0-2: SINGLE (Groundball, 6S, EV 68.8 MPH) (infield hit)
Curt Callicott to third
Kyle Yeske to second
Batting: LHB Scott Hatteberg 0-0: Ball
1-0: Called Strike
1-1: Called Strike
1-2: Foul Ball, location: 2F
1-2: Strikes out swinging
Batting: RHB John Jaha 0-0: Called Strike
0-1: Swinging Strike
0-2: Foul Ball, location: 2F
0-2: Foul Ball, location: 25FF
0-2: Foul Ball, location: 23FF
0-2: Strikes out looking
Top of the 7th over - 0 runs, 2 hits, 0 errors, 3 left on base; Detroit 9 - Boston 1
BOTTOM OF THE 7TH
Boston Red Sox batting - Pitching for Detroit Tigers : RHP Jose Rijo
Now in LF: Kyle Yeske
Batting: RHB Miguel Martinez 0-0: Ball
1-0: Ball
2-0: Swinging Strike
2-1: Ball
3-1: Foul Ball, location: 3F
3-2: Strikes out swinging
Batting: LHB Ozzie Guillen 0-0: Ball
1-0: Foul Ball, location: 2F
1-1: Ball
2-1: Ground out 4-3 (Groundball, 4, EV 78.1 MPH)
Batting: RHB John Johnson 0-0: Called Strike
0-1: Swinging Strike
0-2: Ball
1-2: Foul Ball, location: 9LDF
1-2: Foul Ball, location: 2F
1-2: Strikes out looking
Bottom of the 7th over - 0 runs, 0 hits, 0 errors, 0 left on base; Detroit 9 - Boston 1
TOP OF THE 8TH
Detroit Tigers batting - Pitching for Boston Red Sox : RHP Don Strange
Batting: LHB Larry Sutton 0-0: Ball
1-0: Swinging Strike
1-1: Ball
2-1: Ball
3-1: Foul Ball, location: 3DF
3-2: Foul Ball, location: 25F
3-2: Foul Ball, location: 2F
3-2: Strikes out swinging, 2-3 out at first.
Pitching: LHP Kazuhide Araki
Batting: RHB Lauro Felix 0-0: Foul Ball, location: 2F
0-1: Ball
1-1: Called Strike
1-2: Foul Ball, location: 2F
1-2: Ball
2-2: Ball
3-2: Foul Ball, location: 2F
3-2: SINGLE (Groundball, 6MD, EV 96.3 MPH)
Batting: RHB Cesar Larios 0-0: SINGLE (Groundball, 15S, EV 67.5 MPH) (infield hit)
Lauro Felix to second
Batting: RHB Benjamin Gil 0-0: Foul Ball, location: 9LDF
0-1: Foul Ball, location: 5FF
0-2: Ball
1-2: Foul Ball, location: 5F
1-2: Ball
2-2: Strikes out swinging
Batting: RHB Curt Callicott 0-0: Foul Ball, location: 9LMFF
0-1: Ball
1-1: Ball
2-1: Called Strike
2-2: Ground out 2-3 (Groundball, 15S, EV 71.3 MPH)
Top of the 8th over - 0 runs, 2 hits, 0 errors, 2 left on base; Detroit 9 - Boston 1
BOTTOM OF THE 8TH
Boston Red Sox batting - Pitching for Detroit Tigers : RHP Jose Rijo
Batting: RHB Ronnie Coleman 0-0: Foul Ball, location: 2F
0-1: SINGLE (Line Drive, 5D, EV 97.5 MPH)
Batting: LHB Mike Oglesbee 0-0: Ball
1-0: Called Strike
1-1: Foul Ball, location: 9LDF
1-2: Strikes out swinging
Batting: SHB Dmitri Young 0-0: Ball
1-0: Ball
2-0: Ball
3-0: Called Strike
3-1: Base on Balls
Ronnie Coleman to second
Batting: RHB Toby Rumfield 0-0: Grounds into double play, 6-4-3 (Groundball, 6S, EV 81.9 MPH)
Bottom of the 8th over - 0 runs, 1 hit, 0 errors, 1 left on base; Detroit 9 - Boston 1
TOP OF THE 9TH
Detroit Tigers batting - Pitching for Boston Red Sox : LHP Kazuhide Araki
Batting: RHB Kyle Yeske 0-0: Ground out 4-3 (Groundball, 4, EV 84.4 MPH)
Batting: RHB Brad Robinson 0-0: Ball
1-0: Ball
2-0: Ball
3-0: Called Strike
3-1: Base on Balls
Batting: LHB Scott Hatteberg 0-0: Ball
1-0: Foul Ball, location: 2F
1-1: Ball
2-1: Called Strike
2-2: SINGLE (Groundball, 34D, EV 98.1 MPH)
Brad Robinson to second
Runner from 2nd tries for 3rd, SAFE, throw by RF made to third
Batting: RHB John Jaha 0-0: Foul Ball, location: 5SF
0-1: Ball
1-1: Ball
2-1: Foul Ball, location: 3F
2-2: DOUBLE (Flyball, 78XD, EV 106.9 MPH)
Brad Robinson scores
Scott Hatteberg to third
Batting: LHB Larry Sutton 0-0: Ball
1-0: Foul Ball, location: 25F
1-1: Fly out, F8 (Flyball, 8RXD, EV 107.5 MPH)
Runner from 3rd tags up, SCORES, no throw by CF
John Jaha to third
Pitching: LHP Mark Czarkowski
Batting: RHB Lauro Felix 0-0: Ball
1-0: Ball
2-0: Called Strike
2-1: Called Strike
2-2: Ball
3-2: Ground out 6-3 (Groundball, 56, EV 83.8 MPH)
Top of the 9th over - 2 runs, 2 hits, 0 errors, 1 left on base; Detroit 11 - Boston 1
BOTTOM OF THE 9TH
Boston Red Sox batting - Pitching for Detroit Tigers : RHP Jose Rijo
Batting: LHB Orsino Hill 0-0: Called Strike
0-1: Fly out, F7 (Flyball, 7D, EV 103.1 MPH)
Batting: RHB Peter Guthrie 0-0: Foul Ball, location: 2F
0-1: Ball
1-1: Foul Ball, location: 9LMF
1-2: Ball
2-2: Fly out, F8 (Flyball, 8LM, EV 86.3 MPH)
Batting: RHB Miguel Martinez 0-0: Ball
1-0: Called Strike
1-1: Ball
2-1: Fly out, F8 (Flyball, 8LM, EV 90.0 MPH)
Bottom of the 9th over - 0 runs, 0 hits, 0 errors, 0 left on base; Detroit 11 - Boston 1
Thursday, November 16th , 2023 - OOTP Baseball 24.7 Build 72